 Dungeon Crawl Stone Soup version 0.22.1 (webtiles) character file.

868 Folque the Charlatan (level 7, -7/52 HPs)
             Began as a Demonspawn Artificer on Sept 19, 2018.
             Killed by divine providence
             ... invoked by an orc priest
              (15 damage)
             ... on level 5 of the Dungeon.
             The game lasted 00:38:42 (6460 turns).

Folque the Charlatan (Demonspawn Artificer)         Turns: 6460, Time: 00:38:43

Health: -7/52      AC:  3    Str: 14    XL:     7   Next: 73%
Magic:  10/10      EV: 13    Int: 12    God:
Gold:   218        SH:  0    Dex: 16    Spells: 6/6 levels left

rFire    . . .     SeeInvis .   y - +1 whip (flame)
rCold    + . .     Gourm    .   (no shield)
rNeg     . . .     Faith    .   b - +0 leather armour
rPois    .         Spirit   .   (no helmet)
rElec    .         Reflect  .   (no cloak)
rCorr    .         Harm     .   (no gloves)
MR       .....                  (no boots)
Stlth    +++++.....             (no amulet)
HPRegen  0.17/turn              l - ring of protection from cold
MPRegen  0.12/turn              (no ring)

@: lethally poisoned (-7 -> -7)
A: thin skeletal structure 1, nightstalker 2, powered by pain 1
a: no special abilities


You were on level 5 of the Dungeon.
You were not hungry.

You visited 1 branch of the dungeon, and saw 5 of its levels.

You collected 218 gold pieces.

Inventory:

Hand Weapons
 a - a +0 short sword
 g - a +0 hunting sling
 y - a +1 whip of flaming (weapon)
 A - a +0 short sword
Missiles
 h - 66 sling bullets
 z - 8 tomahawks (quivered)
Armour
 b - a +0 leather armour (worn)
 j - a +0 ring mail of poison resistance
Jewellery
 l - a ring of protection from cold (left hand)
 r - an uncursed ring of wizardry {unknown}
 s - a cursed ring of teleportation {unknown}
Wands
 e - a wand of random effects (19)
Scrolls
 c - 3 scrolls of fear {unknown}
 k - 6 scrolls of identify
 m - 3 scrolls of teleportation
 n - 3 scrolls of remove curse {unknown}
 q - 2 scrolls of enchant weapon {unknown}
 w - a scroll of enchant armour {unknown}
 x - 2 scrolls of blinking {unknown}
Potions
 o - a potion of might {unknown}
 p - 2 potions of invisibility
 t - a potion of heal wounds {unknown}
 u - a potion of cancellation
 v - 2 potions of mutation
Comestibles
 f - 11 rations
 B - a chunk of flesh


   Skills:
 - Level 3.3 Fighting
 - Level 1.0 Short Blades
 + Level 2.2 Slings
 + Level 3.1 Armour
 + Level 2.9 Dodging
 + Level 4.6 Stealth
 * Level 4.8 Evocations


You had 6 spell levels left.
You didn't know any spells.
Your spell library contained the following spells:

 Spells                   Type           Power        Failure   Level  Hunger
 Confusing Touch          Hex            #.....       38%         1    ##.....
 Confuse                  Hex            #.......     77%         3    ####...
 Gell's Gravitas          Tloc           #.........   77%         3    ####...
 Petrify                  Tmut/Erth      #.......     99%         4    #####..
 Metabolic Englaciation   Hex/Ice        #.........   100%        5    ######.
 Yara's Violent Unravell  Hex/Tmut       #.........   100%        5    ######.


Dungeon Overview and Level Annotations

Branches:
Dungeon (5/15)
 Temple: D:4-7

Altars:
Okawaru
Vehumet

Annotations:
D:3 1 runed door, 2 exclusions, Grinder; kalagan's ghost, amateur DEFE
D:4 exclusion: scorpion
D:5 Pikel


Innate Abilities, Weirdness & Mutations

You have a somewhat thin skeletal structure. (Dex +2, Stealth)
You are significantly more attuned to the shadows.
You sometimes gain a little power by taking damage.


Message History

The orc wizard closely misses you.
Evoke which item? (* to show all) (? for menu, Esc to quit)
Aiming: Random Effects
Press: ? - help, Shift-Dir - straight line, f/p - orc wizard
Aim: an orc wizard, wielding a dagger and wearing a robe (severely wounded)
The fireball explodes!
The fireball engulfs the orc wizard.
You kill the orc wizard!
You feel sick.
You are confused.
You feel invigorated. The orc priest barely misses you.
You feel less invigorated.
You feel less confused.
The orc priest calls down the wrath of Beogh upon you.
Pain shoots through your body!
* * * LOW HITPOINT WARNING * * *
You feel sick.
The orc priest calls down the wrath of Beogh upon you.
Beogh smites you!
You die...

..... ##### .......#
##...# .......# ##.....
.......# #......
.......)###### #......
........oo...#####......
.......@####............
........# ###.....รท....
........# #.o..)##...
####)### #.....##.#.
##########.######
#.....#..#.
##...##...#......#
#.....# ##
##..........#....<#
#.....#. #.
#..............)..#
#.......# .
#.................#
#####...p##


You could see an orc priest and an orc wizard.

Vanquished Creatures
  A slave (D:4)
  An ogre (D:4)
  A bullfrog (D:2)
  A crimson imp (D:4)
  2 hounds (D:5)
  An orc priest (D:4)
  3 orc wizards
  Ijyb (D:3)
  Natasha (thrice) (D:4)
  2 worker ants (D:4)
  A howler monkey zombie (D:5)
  7 gnolls
  9 adders
  A shadow imp (D:5)
  2 oozes
  An adder zombie (D:5)
  An adder skeleton (D:4)
  2 worms
  4 dart slugs
  A leopard gecko (D:3)
  11 orcs
  2 ball pythons
  5 giant cockroaches
  5 goblins
  7 hobgoblins
  3 jackals (D:3)
  4 quokkas
  14 bats
  3 frilled lizards
  8 kobolds
  A quokka zombie (D:5)
  8 rats
116 creatures vanquished.

Vanquished Creatures (collateral kills)
  2 orc priests
  An orc wizard (D:4)
  An adder skeleton (D:4)
  6 orcs
10 creatures vanquished.

Vanquished Creatures (others)
  A hound (D:4)
  A gnoll (D:5)
  6 orcs
  A giant cockroach (D:2)
9 creatures vanquished.

Grand Total: 135 creatures vanquished

Notes
Turn   | Place    | Note
-------+----------+-------------------------------------------
     0 | D:1      | Folque the Demonspawn Artificer began the quest for the
                  | Orb.
     0 | D:1      | Reached XP level 1. HP: 15/15 MP: 3/3
    55 | D:1      | Reached skill level 1 in Short Blades
    59 | D:1      | Reached skill level 1 in Stealth
   103 | D:1      | Gained mutation: You are slightly more attuned to the
                  | shadows. [demonic ancestry]
   103 | D:1      | Reached XP level 2. HP: 14/21 MP: 4/4
   902 | D:2      | Reached XP level 3. HP: 15/27 MP: 5/5
  1164 | D:2      | Reached skill level 1 in Slings
  1542 | D:2      | Gained mutation: You have a somewhat thin skeletal
                  | structure. (Dex +2, Stealth) [demonic ancestry]
  1542 | D:2      | Reached XP level 4. HP: 28/33 MP: 6/6
  2020 | D:2      | Noticed a bullfrog
  2031 | D:2      | Killed a bullfrog
  2031 | D:2      | Gained mutation: You are significantly more attuned to the
                  | shadows. [demonic ancestry]
  2031 | D:2      | Reached XP level 5. HP: 32/39 MP: 8/8
  2447 | D:3      | Found a runed door.
  2452 | D:3      | Noticed kalagan's ghost (amateur DEFE)
  2649 | D:3      | Noticed Ijyb
  2669 | D:3      | Killed Ijyb
  2966 | D:3      | Noticed Grinder
  3141 | D:3      | Reached XP level 6. HP: 7/47 MP: 9/9
  3844 | D:4      | Reached skill level 1 in Armour
  4505 | D:4      | Noticed Natasha
  4520 | D:4      | Killed Natasha
  4568 | D:4      | Noticed Natasha
  4570 | D:4      | Killed Natasha
  4570 | D:4      | Gained mutation: You sometimes gain a little power by
                  | taking damage. [demonic ancestry]
  4570 | D:4      | Reached XP level 7. HP: 27/52 MP: 10/10
  4717 | D:4      | Found a radiant altar of Vehumet.
  4719 | D:4      | Found an iron altar of Okawaru.
  5057 | D:4      | Noticed Natasha
  5069 | D:4      | Killed Natasha
  5424 | D:5      | Entered Level 5 of the Dungeon
  5979 | D:5      | Noticed Pikel
  6460 | D:5      | Killed from afar by an orc priest

Skill      XL: |  1  2  3  4  5  6  7 |
---------------+----------------------+-----
Short Blades   | 1 |  1.0
Stealth        | 1 3 4 |  4.6
Fighting       | 2 3 |  3.3
Slings         | 1 2 |  2.2
Evocations     | 4 |  4.8
Dodging        | 2 |  2.9
Armour         | 1 3 |  3.1

Action                   |  1- 3 |  4- 6 |  7- 9 || total
-------------------------+-------+-------+-------++-------
Melee: Short sword       |    99 |   236 |    97 ||   432
       Whip              |       |       |    31 ||    31
 Fire: Hunting sling     |     3 |    11 |    21 ||    35
Evoke: Wand              |     7 |    34 |    20 ||    61
  Use: Scroll            |     2 |     5 |     1 ||     8
       Potion            |       |     2 |     3 ||     5
 Stab: Sleeping          |     9 |    16 |     4 ||    29
       Paralysed         |       |     3 |     1 ||     4
       Distracted        |       |       |     4 ||     4
  Eat: Chunk             |     2 |    10 |     6 ||    18
Armor: Leather armour    |    26 |    50 |    19 ||    95
Dodge: Dodged            |    63 |   184 |   101 ||   348
